 Dungeon Crawl Stone Soup version 0.29.0-4-gdea44cf6ec (webtiles) character file.

Game seed: 6568873018177203598

27 qw the Chopper (level 3, 0/21 HPs)
             Began as a Tengu Warper on Aug 28, 2022.
             Succumbed to their own poison gas
             ... on level 1 of the Dungeon.
             The game lasted 00:00:06 (1065 turns).

qw the Chopper (Tengu Warper)                       Turns: 1065, Time: 00:00:06

Health: 0/21       AC:  5    Str: 13    XL:     3   Next: 10%
Magic:  7/7        EV: 11    Int: 13    God:
Gold:   78         SH:  0    Dex: 13    Spells: 6/6 levels left

rFire   . . .      SeeInvis .   Y - +2 war axe (elec)
rCold   . . .      Faith    .   (no shield)
rNeg    . . .      Spirit   .   i - +0 ring mail
rPois   .          Reflect  .   (helmet restricted)
rElec   .          Harm     .   (no cloak)
rCorr   .          Rampage  .   (no gloves)
Will    .....                   (boots unavailable)
Stlth   +.........              (no amulet)
HPRegen 0.07/turn               (no ring)
MPRegen 0.10/turn               (no ring)

@: lethally poisoned (0 -> -4)
A: beak, talons 3
a: no special abilities


You were on level 1 of the Dungeon.
You visited 1 branch of the dungeon, and saw 1 of its levels.

You collected 78 gold pieces.


Innate Abilities, Weirdness & Mutations

You have a beak for a mouth.
You have claws for feet.


   Skills:
 - Level 2.0 Fighting
 + Level 3.8 Axes
 - Level 1.0 Throwing
 - Level 1.1 Armour
 - Level 2.1 Dodging
 - Level 2.0 Spellcasting
 - Level 2.4 Translocations


You had 6 spell levels left.
You didn't know any spells.
Your spell library contained the following spells:

 Spells                   Type           Power      Damage    Failure   Level
 Blink                    Tloc           14%        N/A       30%         2
 Gell's Gravitas          Tloc           7%         N/A       52%         3
 Lesser Beckoning         Tloc           7%         N/A       52%         3
 Teleport Other           Tloc           7%         N/A       52%         3
 Manifold Assault         Tloc           7%         N/A       99%         5

Inventory:

Hand Weapons
 e - a +0 mace
 Y - a +2 war axe of electrocution (weapon)
Armour
 i - a +0 ring mail (worn)
Scrolls
 a - a scroll of enchant armour
Potions
 h - a potion of berserk rage {unknown}
 j - a potion of cancellation {unknown}
 k - a potion of flight {unknown}

Dungeon Overview and Level Annotations

Branches:
Dungeon (1/15)

Altars:


Message History

Something appears before you!
a - a +2 war axe of electrocution You see here a +0 leather armour.
1054 ||| SWAPPING to +2 war axe of electrocution.
You hear the crackle of electricity.
a - a +2 war axe of electrocution (weapon)
1055 ||| DROPPING +0 hand axe.
You drop a +0 hand axe.
Done exploring.
1056 ||| READING 2 scrolls labelled UGESAI CUSK.
As you read the scroll labelled UGESAI CUSK, it crumbles to dust.
It is a scroll of enchant armour.
Really abort (and waste the scroll)?
Done exploring.
1057 ||| DROPPING scroll of blinking.
You drop a scroll of blinking.
Done exploring.
(D) Dungeon
Where to? (* - list waypoints, ? - help)
What level of the Dungeon? (default 1, ? - help) Sorry, I don't know how to get there.
Done exploring.
1058 ||| Stepping randomly (stuck).
Really walk into that cloud of poison gas?
You are engulfed in poison gas.
You are poisoned.
You feel very sick.
1059 ||| Stepping ~*~*~tactically~*~*~ (cloud).
You feel very sick.
Things that are here:
a scroll of blinking; a +0 hand axe; a +0 leather armour
There is a lethal amount of poison in your body!
You feel sick.
There is a lethal amount of poison in your body!
You feel sick.
There is a lethal amount of poison in your body!
You feel sick.
There is a lethal amount of poison in your body!
You feel sick.
There is a lethal amount of poison in your body!
You feel sick.
There is a lethal amount of poison in your body!
You die...

#.........)..........#....##
#...0.¤.¤0000.0¤.#...#....##
#....¤..0.00..00.#...#.....#
#####¤...0.¤000..##...#.....
#...¤..0.00.0##....###..
#000.00...¤..###......##
#00¤00000.00¤# ###......
#...000.¤..0¤# #####..
#0.¤0..@0000.# ###
##############


There were no monsters in sight!

Vanquished Creatures
  2 dart slugs (D:1)
  2 endoplasms (D:1)
  3 giant cockroaches (D:1)
  5 goblins (D:1)
  2 hobgoblins (D:1)
  2 ball pythons (D:1)
  2 bats (D:1)
  A kobold (D:1)
  A rat (D:1)
20 creatures vanquished.

Notes
Turn   | Place    | Note
-------+----------+-------------------------------------------
     0 | D:1      | qw the Tengu Warper began the quest for the Orb.
     0 | D:1      | Reached XP level 1. HP: 12/12 MP: 4/4
     0 | D:1      | 0 ||| qw: Version: 0.1-a-89-g26bdef1
     0 | D:1      | 0 ||| qw: Game counter: 2308
     0 | D:1      | 0 ||| qw: Always use a shield: true
     0 | D:1      | 0 ||| qw: God list: Okawaru
     0 | D:1      | 0 ||| qw: Allow faded altars: false
     0 | D:1      | 0 ||| qw: Do Orc after D:15 true
     0 | D:1      | 0 ||| qw: Do second Lair branch before Depths: true
     0 | D:1      | 0 ||| qw: Lair rune preference: random
     0 | D:1      | 0 ||| qw: Plans: Normal
     0 | D:1      | 0 ||| PLANNING D:1-11
    89 | D:1      | Reached skill level 3 in Axes
    89 | D:1      | Reached XP level 2. HP: 17/17 MP: 6/6
    96 | D:1      | 96 ||| DROPPING +0 club.
   114 | D:1      | 114 ||| Stepping ~*~*~tactically~*~*~ (hiding).
   381 | D:1      | 381 ||| Stepping ~*~*~tactically~*~*~ (stealth).
   567 | D:1      | 567 ||| Stepping ~*~*~tactically~*~*~ (hiding).
   688 | D:1      | Reached XP level 3. HP: 21/21 MP: 7/7
   820 | D:1      | Found a faded altar of an unknown god.
  1040 | D:1      | 1040 ||| UPGRADING to +0 ring mail.
  1050 | D:1      | 1050 ||| DROPPING +0 leather armour.
  1051 | D:1      | 1051 ||| READING scroll labelled POPLOT NOEGUAR.
  1052 | D:1      | 1052 ||| READING scroll labelled QEOH LEUPH.
  1052 | D:1      | Identified a scroll of acquirement
  1052 | D:1      | 1052 ||| ACQUIRING +2 war axe of electrocution
  1052 | D:1      | Acquired a +2 war axe of electrocution
  1054 | D:1      | 1054 ||| SWAPPING to +2 war axe of electrocution.
  1055 | D:1      | 1055 ||| DROPPING +0 hand axe.
  1056 | D:1      | 1056 ||| READING 2 scrolls labelled UGESAI CUSK.
  1057 | D:1      | 1057 ||| DROPPING scroll of blinking.
  1058 | D:1      | 1058 ||| Stepping randomly (stuck).
  1059 | D:1      | 1059 ||| Stepping ~*~*~tactically~*~*~ (cloud).
  1061 | D:1      | HP: 5/21 [poisoned by you (poison gas)]
  1063 | D:1      | HP: 2/21 [poisoned by you (poison gas)]
  1065 | D:1      | Succumbed to their own poison gas

Levels and vault maps discovered:
D:1:      dpeg_arrival_oval, layout_basic, shapermc_ecumenical_altar_pompeii

Skill      XL: |  1 |
---------------+----+-----
Axes           | 3 |  3.8
Fighting       | |  2.0
Throwing       | |  1.0
Armour         | |  1.1
Dodging        | |  2.1
Spellcasting   | |  2.0
Translocations | |  2.4

Action                   || total
-------------------------++-------
Melee: Hand axe          ||    38
       Kick              ||    10
       Peck              ||     6
Throw: Boomerang         ||     7
  Use: Scroll            ||     3
Armor: Leather armour    ||     5
Dodge: Dodged            ||    15

Table legend:
 A = Non-vault XP
 B = Vault XP
 C = Vault XP percentage of total XP
 D = Non-vault monster count
 E = Vault monster count
 F = Vault count percentage of total count
                 A         B        C        D         E       F
            +---------+---------+-------+---------+---------+-------
      Total |      39 |       0 |   0.0 |      20 |       0 |   0.0
            +---------+---------+-------+---------+---------+-------
        D:1 |      39 |       0 |   0.0 |      20 |       0 |   0.0
            +---------+---------+-------+---------+---------+-------
